Map: Abyssal Reef LE

Players

Veryn - Winner!

  • Race: Protoss Protoss
  • Spawn Location: 11:00

EotenaS

  • Race: Terran Terran
  • Spawn Location: 5:00

Event: WCS Valencia 2017

VOD

Have the link to the VOD?

Description

Time

  • Played on: July 13, 2017, 7:18 a.m.
  • Length: 8:40

All games in this series

Show
View Real Time Build Order
Export as new Build Order

Veryn Protoss - Winner!

Build Orders: 1 Gate Expand, Oracle Opening, Phoenix Opening 

Get SALT Encoding   

  12  0:00  Probe (Chrono Boost)  
  13  0:11  Probe (Chrono Boost)  
  14  0:17  Pylon  
  14  0:22  Probe (Chrono Boost)  
  15  0:35  Probe (Chrono Boost)  
  16  0:36  Gateway  
  16  0:43  Assimilator  
  16  0:46  Probe (Chrono Boost)  
  17  0:56  Probe (Chrono Boost)  
  18  1:07  Probe (Chrono Boost)  
  19  1:18  Probe (Chrono Boost)  
  20  1:25  Nexus  
  20  1:34  Cybernetics Core  
  20  1:36  Probe (Chrono Boost)  
  21  1:41  Assimilator  
  21  1:47  Probe (Chrono Boost)  
  21  1:54  Pylon  
  22  1:57  Probe (Chrono Boost)  
  23  2:12  Probe, Adept (Chrono Boost)  
  26  2:17  Stargate  
  26  2:24  Probe  
  26  2:26  Pylon  
  26  2:28  Warp Gate  
  26  2:36  Probe  
  27  2:38  Adept (Chrono Boost)  
  27  2:39  Probe  
  30  2:48  Probe  
  30  2:49  Probe  
  32  3:00  Probe x2  
  32  3:01  Adept (Chrono Boost)  
  32  3:03  Oracle (Chrono Boost)  
  39  3:10  Probe  
  39  3:12  Probe  
  41  3:21  Probe  
  42  3:29  Nexus  
  42  3:34  Pylon  
  42  3:38  Mothership Core  
  44  3:49  Probe  
  44  3:53  Phoenix (Chrono Boost)  
  47  3:59  Probe x2  
  47  4:10  Probe  
  47  4:11  Probe  
  49  4:20  Probe  
  49  4:22  Assimilator  
  49  4:23  Probe, Gateway  
  51  4:25  Gateway  
  51  4:31  Probe, Assimilator  
  51  4:35  Probe  
  53  4:40  Pylon  
  53  4:41  Probe  
  53  4:43  Pylon  
  54  4:47  Probe, Phoenix (Chrono Boost)  
  54  4:51  Probe  
  59  5:00  Probe x2  
  59  5:01  Twilight Council  
  59  5:02  Forge, Probe  
  61  5:10  Probe  
  61  5:12  Probe x2  
  59  5:21  Probe  
  59  5:23  Probe  
  59  5:24  Probe  
  62  5:32  Probe  
  62  5:33  Probe, Resonating Glaives (Chrono Boost)  
  62  5:34  Protoss Ground Weapons Level 1  
  64  5:36  Probe  
  65  5:44  Probe  
  65  5:46  Gateway  
  65  5:47  Probe  
  65  5:48  Probe  
  68  5:50  Gateway x2, Robotics Facility  
  68  5:56  Probe  
  67  5:57  Adept  
  67  5:58  Probe  
  69  6:05  Phoenix (Chrono Boost)  
  69  6:10  Probe x2  
  69  6:11  Probe  
  68  6:19  Gateway  
  68  6:20  Gateway  
  68  6:22  Probe x3  
  68  6:24  Photon Cannon  
  71  6:29  Adept x2  
  71  6:30  Phoenix (Chrono Boost)  
  77  6:37  Pylon  
  77  6:40  Warp Prism (Chrono Boost)  
  77  6:45  Adept  
  77  6:46  Adept  
  83  6:48  Adept  
  85  7:04  Phoenix  
  87  7:10  Adept x3  
  87  7:13  Pylon  
  93  7:16  Pylon  
  93  7:18  Pylon  
  93  7:22  Pylon  
  93  7:24  Pylon  
  93  7:28  Phoenix  
  93  7:32  Adept x3  
  93  7:35  Adept x4  
  109  7:39  Adept  
  111  7:55  Adept x5  
  111  7:56  Adept x2  
  125  7:59  Pylon  
  125  8:02  Pylon  
  97  8:20  Adept x5  
  97  8:21  Adept x3  
Show
View Real Time Build Order
Export as new Build Order

EotenaS Terran 

Build Orders:  

Get SALT Encoding   

  12  0:01  SCV  
  13  0:13  SCV  
  14  0:17  Supply Depot  
  14  0:25  SCV  
  15  0:32  Refinery  
  15  0:39  SCV  
  16  0:45  Barracks  
  16  0:51  SCV  
  17  1:03  SCV  
  18  1:15  SCV  
  20  1:34  Orbital Command, Reaper  
  20  1:50  Command Center  
  20  2:01  SCV  
  20  2:02  Factory  
  21  2:12  Barracks Reactor  
  21  2:15  SCV  
  21  2:16  Supply Depot  
  22  2:31  SCV  
  22  2:33  Refinery  
  23  2:43  SCV  
  24  2:56  Starport  
  24  2:57  Hellion x2  
  28  2:59  SCV  
  29  3:07  Orbital Command  
  29  3:08  Marine  
  29  3:12  SCV  
  31  3:20  Widow Mine x2  
  31  3:24  SCV  
  36  3:35  Medivac  
  36  3:36  SCV  
  36  3:39  SCV  
  40  3:48  SCV  
  40  3:51  SCV, Widow Mine  
  40  3:52  Widow Mine  
  45  4:00  SCV  
  42  4:13  Viking  
  42  4:14  SCV x2  
  46  4:21  Engineering Bay  
  46  4:28  Widow Mine  
  46  4:33  Widow Mine  
  46  4:34  SCV x2, Refinery x2  
  46  4:35  Supply Depot x2  
  50  4:46  SCV x2  
  50  4:50  Factory  
  52  4:54  Missile Turret  
  52  4:56  Factory  
  52  4:58  SCV x2  
  54  5:04  Supply Depot  
  54  5:10  SCV x2  
  54  5:16  Hellion x2  
  58  5:22  SCV x2  
  58  5:25  Armory  
  58  5:26  Factory  
  60  5:34  SCV x2, Command Center  
  60  5:39  Hellion  
  62  5:47  SCV x2  
  62  5:48  Factory Tech Lab x2  
  64  5:59  SCV x2  
  64  6:00  Supply Depot  
  64  6:14  Hellion  
  64  6:15  Hellion, Thor  
  64  6:16  SCV x2  
  72  6:24  Thor  
  72  6:25  Supply Depot  
  78  6:28  SCV  
  78  6:31  SCV  
  80  6:37  Hellion x2  
  80  6:38  Terran Vehicle Weapons Level 1  
  84  6:42  Factory  
  84  6:46  SCV x2  
  86  6:52  Armory  
  86  6:55  Starport Tech Lab  
  86  7:02  Orbital Command  
  86  7:03  Missile Turret  
  86  7:04  Thor  
  86  7:05  Missile Turret  
  86  7:06  Widow Mine  
  94  7:10  Widow Mine  
  94  7:11  SCV  
  94  7:15  Drilling Claws  
  97  7:19  Supply Depot  
  97  7:20  Orbital Command  
  97  7:27  Factory Tech Lab  
  97  7:32  SCV  
  97  7:33  Thor, SCV  
  105  7:44  Widow Mine x2  
  105  7:46  SCV x3  
  105  7:48  Missile Turret  
  112  7:55  Widow Mine  
  112  7:58  SCV  
  113  8:13  Supply Depot  
  113  8:14  Supply Depot  
  113  8:15  Refinery  
Tags
 
Add a new tag
Caveats
  • Supply blocks, unpowered buildings, or Contaminate may cause inaccurate times.
  • Supply counts are checked every 10 seconds.